 Dungeon Crawl Stone Soup version 0.30.0-13-g156ef70053 (webtiles) character file.

Game seed: 11039010643169736402

4872 NateTC the Cleaver (level 10, -18/85 HPs)
             Began as a Formicid Fighter on May 18, 2023.
             Was an Initiate of Gozag.
             Demolished by a two-headed ogre
             ... wielding a +0 great mace
              (20 damage)
             ... on level 9 of the Dungeon.
             The game lasted 00:16:52 (7610 turns).

NateTC the Cleaver (Formicid Fighter)               Turns: 7610, Time: 00:16:53

Health: -18/85     AC: 17    Str: 26    XL:     10   Next: 79%
Magic:  10/10      EV:  6    Int:  7    God:    Gozag
Gold:   765        SH:  7    Dex: 13    Spells: 9/9 levels left

rFire   . . .        B - +0 battleaxe
rCold   . . .        c - +2 buckler
rNeg    . . .        E - +0 plate armour
rPois   +            (helmet unavailable)
rElec   .            m - +1 cloak
rCorr   .            (no gloves)
SInv    +            (no boots)
Will    +....        (no amulet) Stlth
                     o - +4 ring of protection
HPRegen 0.34/turn    y - ring of poison resistance
MPRegen 0.12/turn

%: no passive effects
@: no status effects
A: permanent stasis, dig shafts and tunnels, antennae 3, four strong arms
a: Dig, Shaft Self, Renounce Religion, Potion Petition, Call Merchant, Bribe
Branch


You were on level 9 of the Dungeon.
You worshipped Gozag.
Gozag was pleased with you.
You visited 2 branches of the dungeon, and saw 10 of its levels.

You collected 930 gold pieces.
You spent 56 gold pieces at shops.
You paid 109 gold pieces to Gozag.

Inventory:

Hand Weapons
 B - a +0 battleaxe (weapon)
 D - a +0 giant spiked club
Armour
 c - a +2 buckler (worn)
 m - a +1 cloak (worn)
 E - a +0 plate armour (worn)
Jewellery
 b - a ring of ice
 e - a +6 ring of dexterity
 f - a +6 ring of strength
 k - a ring of fire
 o - a +4 ring of protection (left hand)
 t - a ring of magical power
 v - a +4 ring of slaying
 w - a ring of protection from cold
 y - a ring of poison resistance (right hand)
Wands
 l - a wand of mindburst (13)
 s - a wand of polymorph (5)
 C - a wand of charming (3)
Scrolls
 j - a scroll of enchant armour
 n - a scroll of noise
 q - a scroll of magic mapping
 r - 4 scrolls of fear
 x - a scroll of poison
Potions
 a - a potion of flight
 d - 3 potions of might
 g - a potion of haste
 h - 2 potions of curing
 i - 2 potions of ambrosia
 p - a potion of mutation
 u - 2 potions of brilliance
 z - a potion of attraction {unknown}
 A - 3 potions of resistance {unknown}


   Skills:
 + Level 10.2 Fighting
 + Level 11.8 Axes
 - Level 3.2 Armour
 + Level 6.7 Shields


You had 9 spell levels left.
You didn't know any spells.
Your spell library contained the following spells:

 Spells                   Type           Power      Damage    Failure   Level
 Beastly Appendage        Tmut           0%         N/A       100%        1
 Slow                     Hex            0%         N/A       100%        1
 Sting                    Tmut/Pois      0%         1d3       100%        1
 Summon Small Mammal      Summ           0%         N/A       100%        1
 Poisonous Vapours        Pois/Air       0%         N/A       100%        2
 Wereblood                Tmut           0%         N/A       100%        2
 Call Canine Familiar     Summ           0%         N/A       100%        3
 Inner Flame              Hex/Fire       0%         N/A       100%        3
 Ozocubu's Armour         Ice            0%         N/A       100%        3
 Portal Projectile        Hex/Tloc       0%         N/A       100%        3
 Spider Form              Tmut/Pois      0%         N/A       100%        3
 Stone Arrow              Conj/Erth      0%         3d7       100%        3
 Summon Guardian Golem    Hex/Summ       0%         N/A       100%        3
 Tukima's Dance           Hex            0%         N/A       100%        3
 Animate Armour           Summ/Erth      0%         N/A       100%        4
 Leda's Liquefaction      Hex/Erth       0%         N/A       100%        4
 Olgreb's Toxic Radiance  Pois           0%         N/A       100%        4
 Passage of Golubria      Tloc           0%         N/A       100%        4
 Summon Ice Beast         Ice/Summ       0%         N/A       100%        4
 Arcjolt                  Conj/Air       0%         1d10      100%        5
 Metabolic Englaciation   Hex/Ice        0%         N/A       100%        5
 Summon Mana Viper        Hex/Summ       0%         N/A       100%        5
 Yara's Violent Unravell  Hex/Tmut       0%         3d3       100%        5
 Enfeeble                 Hex            0%         N/A       100%        7
 Monstrous Menagerie      Summ           0%         N/A       100%        7
 Ozocubu's Refrigeration  Ice            0%         4d7       100%        7
 Lehudib's Crystal Spear  Conj/Erth      0%         10d2      100%        8
 Maxwell's Capacitive Co  Air            0%         ∞         100%        8
 Vhi's Electric Charge    Tloc/Air       Unusable   N/A       N/A         3

Dungeon Overview and Level Annotations

Branches:
Dungeon (9/15) Zot: 26812  Temple (1/1) D:6 Zot: 5980
   Lair: D:8-11         Orc: D:9-12

Altars:
Ashenzari
Cheibriados
Dithmenos
Elyvilon
Fedhas
Gozag
Hepliaklqana
Kikubaaqudgha
Makhleb
Nemelex Xobeh
Qazlal
Ru
Sif Muna
Trog
Uskayaw
Vehumet
Wu Jian
Xom
Yredelemnul
Zin
The Shining One

Shops:
D:6 (   D:7 ?


Innate Abilities, Weirdness & Mutations

You cannot be hasted, slowed, berserked, paralysed or teleported.
You can dig through walls and to a lower floor.
You have a pair of large antennae on your head. (SInv)
Your four strong arms can wield two-handed weapons with a shield.


Message History

You are no longer poisoned.
You now have 745 gold pieces (gained 9).
You start resting.
HP restored.
You open the door.
There is an open door here.
Found 20 gold pieces.
Found a fizzy puce potion.
There is an open door here.
You now have 765 gold pieces (gained 20).
A - 3 fizzy puce potions (gained 1)
Found a scroll of identify.
F - a scroll of identify
As you read the scroll of identify, it crumbles to dust.
p - a potion of mutation A two-headed ogre comes into view.
It is wielding a +0 great mace and a +0 giant spiked club.
The two-headed ogre shouts in stereo!
Found a falchion.
The two-headed ogre hits you with a +0 great mace!
The two-headed ogre hits you with a +0 giant spiked club.
You barely miss the two-headed ogre.
The two-headed ogre hits you with a +0 great mace!
The two-headed ogre hits you with a +0 giant spiked club!
You barely miss the two-headed ogre. You slash the two-headed ogre!
The two-headed ogre is moderately wounded.
The two-headed ogre hits you with a +0 great mace!
The two-headed ogre hits you with a +0 giant spiked club.
You hit the two-headed ogre.
The two-headed ogre is moderately wounded.
The two-headed ogre hits you with a +0 great mace.
The two-headed ogre hits you with a +0 giant spiked club!!
* * * LOW HITPOINT WARNING * * *
You slash the two-headed ogre!
The two-headed ogre is heavily wounded.
The two-headed ogre hits you with a +0 great mace!
* * * LOW HITPOINT WARNING * * *
The two-headed ogre hits you with a +0 giant spiked club!!
You die...
Your body crumbles into a pile of gold.

.........# #.
#............# #.
#......#####.# #.
#......# #.# #. #......#
#.# #. #####......# #.#
#. #..........# #.#####.
#..........# #.......
#....O@....#####.......
#......................
.................#####..
.)...............# .
#######..........#
#..........#
############


You could see a two-headed ogre.

Vanquished Creatures
  A two-headed ogre (D:8)
  Prince Ribbit (D:8)
  A wraith (D:9)
  A steam dragon (D:8)
  A water moccasin (D:7)
  2 orc warriors
  2 sky beasts
  2 ice beasts
  4 centaurs
  A kobold brigand (D:7)
  3 phantoms
  6 bullfrogs
  A gnoll sergeant (D:6)
  A scorpion (D:5)
  5 wights (D:7)
  16 killer bees
  2 howler monkeys (D:5)
  5 hounds
  A jelly (D:6)
  11 orc priests
  An iguana (D:5)
  5 orc wizards
  A sleepcap (D:5)
  6 adders
  11 gnolls
  2 shadow imps (D:7)
  A white imp (D:6)
  2 ufetubi
  2 worms (D:2)
  3 dart slugs
  41 orcs
  6 bats
  2 bat zombies (D:3)
  7 endoplasms
  A giant cockroach (D:1)
  6 goblins
  6 hobgoblins
  3 jackals (D:4)
  2 quokkas
  4 ball pythons
  6 frilled lizards
  11 kobolds
  4 rats
  4 rat zombies (D:3)
204 creatures vanquished.

Notes
Turn   | Place    | Note
-------+----------+-------------------------------------------
     0 | D:1      | NateTC the Formicid Fighter began the quest for the Orb.
     0 | D:1      | Reached XP level 1. HP: 18/18 MP: 1/1
   115 | D:1      | Reached XP level 2. HP: 17/24 MP: 2/2
   598 | D:1      | Reached XP level 3. HP: 24/29 MP: 3/3
   641 | D:1      | Reached skill level 3 in Axes
  1360 | D:2      | Reached XP level 4. HP: 35/35 MP: 4/4
  1714 | D:3      | Reached XP level 5. HP: 40/42 MP: 5/5
  1731 | D:3      | Found a faded altar of an unknown god.
  1749 | D:3      | Reached skill level 4 in Axes
  2178 | D:3      | Found a white marble altar of Elyvilon.
  2211 | D:3      | Found a sacrificial altar of Ru.
  2565 | D:3      | Found an ancient bone altar of Kikubaaqudgha.
  2720 | D:4      | Reached XP level 6. HP: 49/49 MP: 6/6
  2753 | D:3      | Reached skill level 5 in Axes
  3213 | D:4      | Reached skill level 6 in Axes
  3213 | D:4      | Reached XP level 7. HP: 45/55 MP: 7/7
  3458 | D:5      | Entered Level 5 of the Dungeon
  3647 | D:5      | Reached skill level 7 in Axes
  3665 | D:5      | Reached XP level 8. HP: 61/61 MP: 8/8
  3812 | D:5      | Reached skill level 8 in Axes
  3824 | D:5      | Found a shimmering blue altar of Sif Muna.
  4047 | D:6      | Found Ipnukom's Weapon Boutique.
  4268 | D:6      | Found a stormy altar of Qazlal.
  4277 | D:6      | Reached skill level 9 in Axes
  4768 | D:6      | Reached skill level 10 in Axes
  4773 | D:6      | Reached XP level 9. HP: 58/66 MP: 9/9
  4778 | D:6      | HP: 1/66 [orc warrior/+0 glaive (12)]
  5105 | D:6      | Found a staircase to the Ecumenical Temple.
  5225 | Temple   | Entered the Ecumenical Temple
  5240 | Temple   | Became a worshipper of Gozag Ym Sagoz the Greedy
  5455 | D:7      | Reached skill level 11 in Axes
  5530 | D:7      | Reached skill level 5 in Fighting
  5608 | D:7      | Got the Encyclopedia of the Wyrd
  5832 | D:7      | Found Yme Vyecs's Magic Scroll Emporium.
  5835 | D:7      | Bought a scroll of identify for 28 gold pieces
  5835 | D:7      | Bought a scroll of identify for 28 gold pieces
  6141 | D:8      | Reached XP level 10. HP: 40/79 MP: 10/10
  6574 | D:8      | Noticed Prince Ribbit
  6589 | D:8      | Killed Prince Ribbit
  6590 | D:8      | Reached skill level 5 in Shields
  7287 | D:8      | Noticed a two-headed ogre
  7292 | D:8      | Killed a two-headed ogre
  7293 | D:8      | Reached skill level 10 in Fighting
  7431 | D:9      | Found an ornate altar of the Wu Jian Council.
  7602 | D:9      | Noticed a two-headed ogre
  7610 | D:9      | HP: 2/85 [two-headed ogre/+0 great mace (8)]
  7610 | D:9      | Demolished by a two-headed ogre

Illustrated notes

Levels and vault maps discovered:
D:1:      onia_arrival_mini_maze_b, layout_loops_ring, serial_forest,
          infiniplex_forest_clump_double, infiniplex_forest_straight_3,
          infiniplex_forest_join, infiniplex_forest_end_2,
          infiniplex_forest_straight_3, minmay_pentomino_s4
D:2:      minmay_evil_eye, layout_rooms, eino_tiny_chamber
D:3:      layout_loops_corners, lemuel_zombie_altar_kikubaaqudgha,
          mainiacjoe_overflow_large_starburst,
          ebering_ecumenical_altar_petrified
D:4:      layout_cave_pools
D:5:      minmay_clustersquares, layout_loops_cross,
          mainiacjoe_overflow_concentric_impassable
D:6:      layout_basic, nicolae_qazlal_beasts_of_the_sky, temple_doors_e,
          serial_shops, nicolae_shop_hallway_stairs
D:7:      layout_cave_pools, serial_shops, kennysheep_mini_moat, minivault_24,
          dreamdust_gnoll_farm
D:8:      layout_basic, uniq_prince_ribbit1
D:9:      layout_irregular_city, old_standard_altar, okawaru_humans,
          david_lair_shrubbed, serial_shops, shop_coins
Temple:   hellmonk_temple_two_chambers

Skill      XL: |  1  2  3  4  5  6  7  8  9 10 |
---------------+-------------------------------+-----
Axes           | 3 4 6 7 10 11 | 11.8
Fighting       | 4 7 10 | 10.2
Shields        | 6 |  6.7
Armour         | |  3.2

Action                     |  1- 3 |  4- 6 |  7- 9 | 10-12 || total
---------------------------+-------+-------+-------+-------++-------
  Melee: War axe           |    72 |   144 |   212 |       ||   428
         Battleaxe         |       |       |    32 |   106 ||   138
    Use: Scroll            |     2 |     5 |     9 |     5 ||    21
         Potion            |       |       |     6 |       ||     6
   Stab: Distracted        |       |       |     1 |     2 ||     3
 Armour: Scale mail        |    26 |       |       |       ||    26
         Chain mail        |    16 |    82 |   152 |    73 ||   323
         Plate armour      |       |       |       |    14 ||    14
  Dodge: Dodged            |    24 |    61 |   110 |    50 ||   245
  Block: Buckler           |    27 |    63 |   102 |    57 ||   249
